 Dungeon Crawl Stone Soup version 0.17.1-2-g5865329 (webtiles) character file.

1666 JustSomeDude the Shield-Bearer (level 8, -25/63 HPs)
             Began as a Demonspawn Fighter on Jan 17, 2016.
             Annihilated by a hill giant
             ... wielding a +0 giant club
              (35 damage)
             ... on level 6 of the Dungeon.
             The game lasted 00:13:13 (5037 turns).

JustSomeDude the Shield-Bearer (Demonspawn Fighter) Turns: 5037, Time: 00:13:13

Health: -25/63     AC:  9    Str: 17    XL:     8   Next: 69%
Magic:  0/8        EV: 10    Int: 10    God:
Gold:   299        SH: 10    Dex: 14    Spells: 0 memorised, 7 levels left

rFire  . . .     SeeInvis .     A - +2 war axe (venom)
rCold  + . .     Clarity  +     b - +0 scale mail
rNeg   . . .     SustAt   .     c - +0 shield
rPois  .         Gourm    .     (helmet restricted)
rElec  .         Spirit   +     k - +0 cloak
rCorr  .         Warding  .     m - +0 pair of gloves
rMut   .         Stasis   .     (no boots)
MR     .....                    (no amulet)
Stlth  ..........               (no ring)
                                f - ring of wizardry

@: exhausted, slowed, very slow, not resistant to hostile enchantments,
extremely unstealthy
A: antennae 1, hooves 1, clarity, cold resistance 1, spiny 1, magic shield
a: no special abilities


You were on level 6 of the Dungeon.
You were hungry.

You visited 2 branches of the dungeon, and saw 7 of its levels.

You collected 299 gold pieces.

Inventory:

Hand Weapons
 A - a +2 war axe of venom (weapon)
Missiles
 l - 8 javelins (quivered)
 n - 11 tomahawks
Armour
 b - a +0 scale mail (worn)
 c - a +0 shield (worn)
 k - a +0 cloak (worn)
 m - a +0 pair of gloves (worn)
Jewellery
 f - a ring of wizardry (left hand)
Wands
 q - a wand of draining (4)
 s - a wand of digging (9)
 w - a wand of slowing (26)
Scrolls
 a - a scroll of recharging {unknown}
 d - a scroll of silence {unknown}
 g - a scroll of noise {unknown}
 i - 3 scrolls of remove curse {unknown}
 j - 3 scrolls of identify
 r - 2 scrolls of teleportation {unknown}
 t - a scroll of fog {unknown}
 v - a scroll of blinking {unknown}
 y - a scroll of magic mapping {unknown}
 z - a scroll of enchant armour {unknown}
 C - 2 scrolls of enchant weapon {unknown}
Potions
 h - 3 potions of curing
 u - a potion of flight
Books
 o - a book of Enchantments

   Spells                             Type                      Level
   a - Cause Fear                     Hexes                        4
   b - Silence                        Hexes/Air                    5
   c - Deflect Missiles               Charms/Air                   6
   d - Haste                          Charms                       6
   e - Discord                        Hexes                        8
 p - a book of Flames

   Spells                             Type                      Level
   a - Flame Tongue                   Conjuration/Fire             1
   b - Throw Flame                    Conjuration/Fire             2
   c - Conjure Flame                  Conjuration/Fire             3
   d - Inner Flame                    Hexes/Fire                   3
   e - Sticky Flame                   Conjuration/Fire             4
   f - Fireball                       Conjuration/Fire             5
Comestibles
 e - 2 bread rations


   Skills:
 + Level 5.5 Fighting
 + Level 3.7 Axes
 + Level 5.2 Armour
 + Level 4.9 Dodging
 + Level 1.1 Stealth
 + Level 5.6 Shields


You had 7 spell levels left.
You didn't know any spells.

Dungeon Overview and Level Annotations

Branches:
Dungeon (6/15)             Temple (1/1) D:4

Altars:
Ashenzari
Cheibriados
Elyvilon
Fedhas
Gozag
Kikubaaqudgha
Makhleb
Nemelex Xobeh
Okawaru
Qazlal
Ru
Trog
Vehumet
Xom
Zin
The Shining One

Shops:
D:4 *

Annotations:
D:5 exclusion: statue


Innate Abilities, Weirdness & Mutations

You have large cloven feet.
You are partially covered in sharp spines.
When hurt, damage is shared between your health and your magic reserves.
You have a pair of small antennae on your head.
You possess an exceptional clarity of mind.
Your flesh is cold resistant.


Message History

The hill giant hits you with a giant club.
The basilisk gazes at you. The basilisk gazes at you.
You resist with some effort.
The hill giant is struck by your spines.
The hill giant hits you with a giant club!!!
* * * LOW HITPOINT WARNING * * *
The basilisk is struck by your spines. The basilisk bites you!
* * * LOW HITPOINT WARNING * * *
The hill giant hits you with a giant club!
* * * LOW HITPOINT WARNING * * *
You are no longer berserk.
You feel yourself slow down.
You are feeling hungry.
The basilisk gazes at you.
You turn to flesh and can move again.
Unknown command.
You block the hill giant's attack.
The hill giant hits you with a giant club!!!
Ouch! That really hurt!
You die...

#......######....######
#..............#
#..########..###
########..###########
#.()'..#..#..'(.$#
#.8)#..#..#..#([=#
#...#..#..#.l#).%#
#####..#..#.C#####
#......#..#..@...#
#......#..#......#
#..#####..#####..#
#......#..#......#
#......#..#......#
#####..#..#..#####
#......#..#......#
#......#..#......#
#..#####..#####..#


You could see a hill giant and a basilisk.

Vanquished Creatures
  Grinder (D:5)
  The ghost of ZiggyStardust the Ruffian, an amateur TrEE (D:4)
  An orc warrior (D:6)
  2 centaurs (D:6)
  3 ogres
  A phantom (D:6)
  A sky beast (D:5)
  Blork the orc (D:5)
  A giant frog (D:6)
  A wyvern skeleton (D:6)
  2 crimson imps (D:6)
  2 orc wizards
  An iguana (D:4)
  A worker ant (D:6)
  2 hound skeletons
  8 gnolls (D:5)
  6 adders
  A shadow imp (D:5)
  2 oozes (D:1)
  An adder skeleton (D:4)
  An adder zombie (D:6)
  2 worms (D:3)
  4 giant geckos
  19 orcs
  5 bats
  6 giant cockroaches
  7 hobgoblins
  5 jackals
  7 kobolds
  2 quokkas
  5 giant newts
  6 goblins
  4 rats
  A rat zombie (D:4)
  A bush (D:4)
  A plant (D:6)
115 creatures vanquished.

Notes
Turn   | Place    | Note
--------------------------------------------------------------
     0 | D:1      | JustSomeDude the Demonspawn Fighter began the quest for the Orb.
     0 | D:1      | Reached XP level 1. HP: 18/18 MP: 1/1
    52 | D:1      | Gained mutation: You are partially covered in sharp spines. [demonic ancestry]
    52 | D:1      | Reached XP level 2. HP: 24/24 MP: 2/2
   603 | D:1      | Gained mutation: You have large cloven feet. [demonic ancestry]
   603 | D:1      | Reached XP level 3. HP: 27/29 MP: 3/3
  1175 | D:2      | Reached skill level 1 in Dodging
  1504 | D:2      | Gained mutation: When hurt, damage is shared between your health and your magic reserves. [demonic ancestry]
  1504 | D:2      | Reached XP level 4. HP: 32/36 MP: 4/4
  1690 | D:3      | Found a stormy altar of Qazlal.
  1865 | D:3      | Reached XP level 5. HP: 42/42 MP: 5/5
  2467 | D:4      | Found a staircase to the Ecumenical Temple.
  2473 | D:4      | Noticed ZiggyStardust's ghost (amateur TrEE)
  2477 | Temple   | Entered the Ecumenical Temple
  2551 | D:4      | Killed ZiggyStardust's ghost
  2551 | D:4      | Reached skill level 4 in Fighting
  2551 | D:4      | Reached XP level 6. HP: 46/48 MP: 6/6
  2575 | D:4      | Found an iron altar of Okawaru.
  2623 | D:4      | Found an ancient bone altar of Kikubaaqudgha.
  2667 | D:4      | Noticed an ogre
  2676 | D:4      | Killed an ogre
  2705 | D:4      | Found a glowing golden altar of the Shining One.
  2846 | D:4      | Found a white marble altar of Elyvilon.
  2857 | D:4      | Found an opulent altar of Gozag.
  2859 | D:4      | Found Gozag's Platinum Reserve.
  2980 | D:4      | Found a glowing silver altar of Zin.
  3291 | D:5      | Entered Level 5 of the Dungeon
  3297 | D:5      | Noticed Blork the orc
  3303 | D:5      | Killed Blork the orc
  3401 | D:5      | Found a radiant altar of Vehumet.
  3530 | D:5      | Reached XP level 7. HP: 35/55 MP: 5/7
  3880 | D:5      | Found a white marble altar of Elyvilon.
  3880 | D:5      | Noticed Grinder
  3910 | D:5      | Paralysed by Grinder for 2 turns
  3926 | D:5      | Killed Grinder
  4141 | D:5      | Reached skill level 5 in Fighting
  4141 | D:5      | Reached XP level 8. HP: 60/62 MP: 8/8
  4145 | D:5      | Gained mutation: You possess an exceptional clarity of mind. [mutagenic meat]
  4146 | D:5      | Gained mutation: You have a pair of small antennae on your head. [mutagenic meat]
  4147 | D:5      | Gained mutation: Your flesh is cold resistant. [mutagenic meat]
  4379 | D:5      | Found a blossoming altar of Fedhas.
  4421 | D:6      | Reached skill level 5 in Shields
  4914 | D:6      | Reached skill level 5 in Armour
  5015 | D:6      | Reached skill level 1 in Stealth
  5022 | D:6      | Noticed a hill giant
  5037 | D:6      | Annihilated by a hill giant

Action                   |  1- 3 |  4- 6 |  7- 9 || total
-------------------------+-------+-------+-------++-------
Melee: War axe           |    67 |   109 |   181 ||   357
  Use: Potion            |       |     7 |     7 ||    14
       Scroll            |       |       |     2 ||     2
  Eat: Chunk             |     1 |     2 |     7 ||    10
       Meat ration       |       |     1 |       ||     1
       Pizza             |       |       |     1 ||     1
